Map: Romanticide LE

Players

LiquidClem (Clem)

  • Race: Terran Terran
  • Spawn Location: 11:00

ByuN - Winner!

  • Race: Terran Terran
  • Spawn Location: 5:00

Event: Cheeseadelphia Winter Championship 2021

VOD

Have the link to the VOD?

Description

Time

  • Played on: Jan. 24, 2021, 4:07 p.m.
  • Length: 18:07

All games in this series

Show
View Real Time Build Order
Export as new Build Order

LiquidClem Terran 

Build Orders: Reaper Expand 

Get SALT Encoding   

  12  0:00  SCV  
  13  0:12  SCV  
  14  0:17  Supply Depot  
  14  0:24  SCV  
  15  0:38  SCV  
  15  0:40  Barracks  
  16  0:44  Refinery  
  16  0:50  SCV  
  17  1:03  SCV  
  18  1:15  SCV  
  19  1:27  Orbital Command, Reaper  
  20  1:40  Command Center  
  20  1:50  Supply Depot  
  20  1:52  SCV  
  21  1:59  Marine  
  22  2:05  SCV  
  22  2:07  Factory  
  23  2:15  Refinery  
  23  2:17  Marine  
  23  2:18  SCV  
  25  2:23  Bunker  
  25  2:30  SCV  
  25  2:34  Marine  
  27  2:42  SCV  
  28  2:52  Orbital Command  
  28  2:54  SCV  
  28  2:55  Starport  
  28  2:58  Factory Tech Lab  
  29  3:06  SCV  
  29  3:08  Barracks Reactor  
  30  3:14  Refinery  
  30  3:17  Siege Tank  
  30  3:18  SCV  
  35  3:20  SCV  
  35  3:24  Supply Depot  
  35  3:30  SCV  
  35  3:32  SCV  
  37  3:34  Viking  
  39  3:43  SCV  
  39  3:44  SCV, Marine x2  
  43  3:49  Siege Tank  
  43  3:54  Supply Depot  
  43  3:55  SCV  
  47  3:56  SCV  
  48  4:07  SCV  
  48  4:08  SCV  
  50  4:10  Marine  
  50  4:15  Viking x2  
  55  4:19  Supply Depot  
  55  4:21  SCV x2  
  57  4:24  Siege Tank  
  57  4:28  Marine  
  61  4:33  SCV  
  62  4:40  SCV  
  62  4:41  Supply Depot  
  62  4:45  SCV, Viking x2  
  67  4:47  Marine  
  67  4:51  Supply Depot  
  67  4:52  SCV  
  70  5:02  Siege Tank, SCV  
  70  5:06  Command Center  
  73  5:08  SCV  
  73  5:09  Marine  
  70  5:14  SCV  
  70  5:21  Viking  
  74  5:25  Liberator, Supply Depot  
  74  5:27  SCV, Marine  
  77  5:31  Refinery  
  77  5:34  SCV  
  78  5:40  Siege Tank  
  78  5:41  SCV  
  82  5:44  Marine  
  82  5:46  Supply Depot  
  82  5:52  SCV  
  82  5:56  Viking  
  74  6:02  SCV, Marine  
  71  6:04  Barracks  
  71  6:05  Barracks  
  71  6:09  Viking  
  73  6:12  SCV  
  73  6:14  SCV  
  75  6:20  Marine  
  75  6:25  Barracks x2  
  73  6:27  Siege Tank  
  73  6:30  SCV x2  
  78  6:37  Viking  
  78  6:39  Barracks Tech Lab, Viking  
  82  6:42  SCV  
  82  6:43  SCV  
  84  6:47  Orbital Command  
  85  6:54  SCV  
  85  6:57  Barracks Reactor, Barracks Tech Lab  
  85  6:58  Stimpack, Marine  
  85  6:59  SCV  
  87  7:04  Engineering Bay  
  87  7:05  Engineering Bay  
  87  7:06  SCV  
  88  7:10  Siege Tank  
  88  7:12  SCV  
  92  7:16  Barracks Reactor x2  
  92  7:17  Combat Shield, SCV  
  92  7:20  Marine  
  92  7:22  Marine  
  95  7:26  SCV  
  95  7:29  Supply Depot  
  96  7:31  SCV  
  96  7:34  Medivac x2, Marine x2  
  96  7:35  SCV  
  104  7:37  Marine  
  104  7:38  SCV  
  104  7:41  Refinery x2  
  104  7:42  Supply Depot  
  104  7:43  Terran Infantry Weapons Level 1  
  106  7:44  Marine  
  106  7:47  SCV  
  106  7:48  SCV  
  106  7:49  Supply Depot  
  109  7:51  Terran Infantry Armor Level 1  
  109  7:54  Marine x5  
  114  8:00  Supply Depot  
  114  8:03  Marine x3  
  114  8:04  SCV  
  117  8:06  SCV  
  117  8:10  Supply Depot  
  117  8:11  Siege Tank, Marine  
  117  8:12  Marine x3  
  125  8:13  SCV  
  125  8:14  Medivac  
  125  8:15  Marine  
  129  8:20  Command Center  
  127  8:27  Medivac  
  127  8:34  Marine x2  
  129  8:35  Marine x2  
  129  8:37  SCV  
  129  8:38  Marine x2  
  128  8:43  Marine x2  
  128  8:44  Widow Mine, Viking  
  128  8:45  SCV  
  132  8:52  Marine x3  
  132  8:53  Marine  
  136  8:55  Marine  
  136  8:56  Marine  
  136  9:01  Marine x2  
  124  9:04  Orbital Command, SCV x2  
  124  9:05  Siege Tank  
  124  9:09  Marine  
  118  9:10  Marine x3  
  118  9:13  Marine  
  118  9:16  SCV  
  118  9:17  Marine  
  118  9:19  Marine  
  118  9:21  Marine  
  121  9:26  SCV  
  121  9:28  SCV  
  121  9:29  Marine x2  
  125  9:34  Viking  
  125  9:35  Marine x3  
  125  9:36  Marine  
  125  9:37  Siege Tank  
  131  9:40  Armory  
  131  9:41  SCV  
  131  9:42  SCV  
  131  9:44  SCV  
  134  9:46  Marine x2  
  134  9:49  Marine  
  137  9:54  SCV x2  
  137  9:56  SCV, Marine  
  141  10:02  Marine  
  141  10:03  Marine  
  141  10:06  Liberator, SCV  
  147  10:07  Marine x2, Viking  
  147  10:09  Marine  
  147  10:13  Planetary Fortress  
  151  10:20  Siege Tank, Marine x2  
  140  10:23  Marine x2  
  140  10:24  Marine  
  140  10:28  Marine x3  
  140  10:30  SCV x3  
  146  10:38  Marine x2  
  146  10:41  Marine x2  
  146  10:42  Supply Depot, SCV  
  151  10:45  Marine  
  151  10:46  Marine x3  
  155  10:56  Marine x2  
  157  10:57  Sensor Tower  
  157  10:59  Marine x2  
  157  11:00  Supply Depot  
  157  11:02  Terran Infantry Weapons Level 2, SCV x2  
  157  11:03  Marine  
  162  11:04  Siege Tank  
  162  11:06  Marine  
  162  11:09  Marine  
  166  11:11  Marine  
  166  11:14  Marine x2  
  166  11:17  Marine  
  168  11:21  Medivac, Marine  
  168  11:24  Medivac, Marine  
  168  11:25  SCV  
  171  11:26  Marine  
  171  11:27  SCV  
  171  11:29  Marine  
  171  11:30  SCV  
  171  11:31  Marine  
  162  11:35  Marine  
  162  11:36  Siege Tank  
  166  11:41  SCV  
  166  11:43  Factory  
  166  11:44  Sensor Tower, SCV x2, Refinery  
  166  11:45  Supply Depot, Marine  
  170  11:48  Marine x2  
  170  11:52  Barracks Reactor  
  172  11:57  SCV  
  172  11:59  SCV  
  172  12:01  Medivac  
  169  12:03  Marine x4  
  169  12:05  SCV  
  172  12:08  SCV  
  172  12:09  Widow Mine, SCV  
  172  12:10  Marine x2  
  175  12:17  Refinery  
  175  12:20  Marine  
  176  12:23  Terran Infantry Armor Level 2  
  176  12:27  Marine x2  
  178  12:30  Siege Tank x2, Marine  
  178  12:33  Viking  
  178  12:34  Marine  
  182  12:38  Terran Vehicle Weapons Level 1  
  182  12:40  Marine x4  
  182  12:43  Viking  
  188  12:47  Command Center  
  188  12:57  Missile Turret  
  188  13:02  Supply Depot, SCV x3, Marine x5  
  188  13:04  Refinery  
  196  13:21  Marine x2  
  196  13:22  Marine x2  
  196  13:23  Siege Tank, Marine  
  196  13:24  Marine  
  200  13:31  Marine  
  200  13:40  Siege Tank  
  200  13:42  Barracks Reactor  
  200  13:46  Command Center  
  191  13:50  Medivac, Marine x5  
  191  13:54  Marine x2  
  181  13:56  Siege Tank  
  181  14:02  SCV  
  182  14:08  Marine x5  
  181  14:11  Marine  
  181  14:12  Siege Tank, Marine  
  181  14:16  SCV x2  
  166  14:23  SCV  
  157  14:24  Medivac  
  157  14:26  SCV, Marine x5  
  157  14:28  Siege Tank  
  157  14:29  Marine x2  
  140  14:43  Marine  
  140  14:44  Siege Tank, Marine x4  
  143  14:47  Marine x2  
  141  14:53  SCV  
  141  14:59  Viking x2  
  146  15:00  Siege Tank  
  146  15:01  Marine x4  
  146  15:02  Marine  
  146  15:03  Barracks  
  146  15:05  Barracks, Marine x2  
  154  15:16  Siege Tank  
  154  15:19  Marine x3  
  154  15:20  Marine x2  
  140  15:23  Marine x2  
  140  15:27  SCV x4  
  143  15:29  Liberator  
  143  15:30  Viking  
  143  15:32  Siege Tank  
  151  15:37  Marine x2  
  151  15:39  SCV  
  151  15:40  Marine x2  
  156  15:43  Marine  
  156  15:44  Marine x2  
  156  15:48  Siege Tank  
  158  15:50  Marine  
  158  15:54  Planetary Fortress  
  158  15:55  Marine x3  
  162  15:58  Marine x2  
  162  16:01  Marine x3  
  162  16:02  SCV  
  162  16:03  SCV  
  162  16:04  Siege Tank, SCV  
  151  16:08  Marine  
  140  16:12  Marine  
  140  16:13  Marine  
  140  16:21  Siege Tank  
  142  16:26  Marine x3  
  142  16:27  Marine  
  142  16:32  Marine  
  148  16:33  Marine  
  148  16:34  Marine  
  148  16:36  Siege Tank  
  148  16:42  Marine x2  
  148  16:43  Marine  
  148  16:45  Marine  
  148  16:46  Marine x2  
  154  16:50  Marine  
  155  16:58  Siege Tank, Marine x2  
  155  16:59  Marine  
  155  17:00  Marine  
  157  17:01  Marine  
  157  17:03  Marine x2  
  157  17:04  Marine  
  157  17:07  Sensor Tower, Marine  
  162  17:15  Marine  
  162  17:16  Marine  
  162  17:17  Supply Depot, Marine  
  162  17:18  SCV, Marine  
  162  17:19  Supply Depot, Marine  
  162  17:20  SCV  
  169  17:22  Marine  
  169  17:24  Marine x2  
  169  17:25  Marine  
  146  17:38  Marine  
  146  17:42  Marine x2  
  146  17:43  Marine  
  120  17:46  Marine x2  
Show
View Real Time Build Order
Export as new Build Order

ByuN Terran - Winner!

Build Orders: Gas First Reaper Expand 

Get SALT Encoding   

  12  0:00  SCV  
  13  0:12  SCV  
  14  0:17  Supply Depot  
  14  0:24  SCV  
  14  0:28  Refinery  
  15  0:38  SCV  
  16  0:44  Barracks  
  16  0:50  SCV  
  17  1:03  SCV  
  18  1:15  SCV  
  19  1:31  Orbital Command, Reaper  
  20  1:41  Command Center  
  20  1:52  Factory  
  20  1:56  SCV  
  21  2:02  Refinery  
  21  2:05  Barracks Reactor  
  21  2:08  SCV  
  21  2:13  Supply Depot  
  22  2:20  SCV  
  23  2:35  SCV  
  24  2:37  Starport  
  24  2:38  Hellion  
  24  2:42  Marine x2  
  28  2:47  SCV  
  29  2:53  Orbital Command  
  29  2:59  SCV  
  29  3:00  Widow Mine  
  29  3:01  Marine x2  
  34  3:11  SCV  
  35  3:13  Medivac  
  35  3:19  Marine x2  
  39  3:21  Supply Depot  
  39  3:23  Factory Tech Lab  
  39  3:27  SCV x2  
  41  3:34  Refinery  
  41  3:36  Marine  
  41  3:39  SCV x2  
  44  3:43  Cyclone  
  44  3:45  Starport Tech Lab  
  44  3:48  Supply Depot  
  47  3:53  SCV x2  
  49  3:56  Marine  
  51  4:05  SCV x2  
  51  4:08  Raven  
  54  4:10  Supply Depot  
  53  4:17  SCV x2  
  53  4:20  Marine x2  
  56  4:25  Siege Tank  
  59  4:32  SCV x2  
  61  4:44  SCV x2, Marine x2  
  61  4:45  Command Center  
  65  4:56  SCV x2  
  65  5:00  Siege Tank  
  65  5:01  Marine  
  65  5:02  Marine  
  69  5:08  SCV  
  70  5:17  SCV  
  70  5:20  SCV  
  70  5:29  SCV  
  70  5:30  Barracks  
  70  5:32  SCV  
  70  5:34  Barracks  
  70  5:35  Engineering Bay x2  
  69  5:40  Viking x2  
  69  5:41  SCV, Siege Tank  
  69  5:42  Marine  
  76  5:47  SCV  
  68  6:00  Marine  
  68  6:03  Terran Infantry Weapons Level 1  
  66  6:05  Terran Infantry Armor Level 1  
  66  6:08  Refinery, SCV x2  
  66  6:13  Siege Tank, Viking x2  
  66  6:18  Marine  
  74  6:19  Orbital Command  
  74  6:21  SCV  
  74  6:24  SCV  
  76  6:28  Barracks Reactor  
  76  6:29  Barracks Reactor  
  76  6:33  SCV  
  76  6:35  Marine  
  76  6:37  SCV  
  76  6:38  Stimpack  
  79  6:45  SCV  
  79  6:46  SCV  
  81  6:49  SCV  
  81  6:50  Siege Tank  
  81  6:53  Marine  
  86  6:55  Refinery x2  
  86  6:56  Missile Turret  
  86  7:02  Viking  
  86  7:03  Viking  
  86  7:04  SCV  
  86  7:05  Barracks  
  86  7:06  Barracks, SCV  
  86  7:07  SCV  
  93  7:12  Supply Depot  
  93  7:13  Supply Depot  
  93  7:16  Supply Depot  
  93  7:18  SCV x2  
  93  7:19  SCV  
  93  7:20  Armory  
  93  7:22  Marine x4  
  100  7:27  Marine  
  101  7:34  Siege Tank, SCV x3  
  107  7:37  Supply Depot  
  107  7:39  Supply Depot  
  107  7:41  Supply Depot, Medivac x2  
  111  7:44  Marine  
  111  7:45  Marine x3  
  111  7:50  Marine  
  116  7:53  Barracks Reactor x2  
  115  8:06  Siege Tank  
  115  8:07  Marine x4  
  115  8:09  Marine  
  123  8:16  Sensor Tower  
  123  8:18  Combat Shield  
  123  8:19  Command Center, Terran Infantry Weapons Level 2  
  123  8:24  Marine x2  
  123  8:25  Marine x2  
  127  8:33  Marine x2  
  129  8:34  Marine x2  
  129  8:37  Marine  
  129  8:39  Medivac x2  
  134  8:42  Marine x3  
  134  8:46  Marine  
  134  8:48  Siege Tank  
  141  8:51  Marine  
  141  8:54  Marine x3  
  141  8:55  Marine  
  146  9:00  Marine x3  
  145  9:04  Marine  
  145  9:06  Terran Infantry Armor Level 2  
  145  9:08  Marine  
  128  9:12  Marine x3  
  128  9:13  Marine  
  128  9:16  Medivac x2  
  131  9:18  Marine x3  
  131  9:20  Siege Tank  
  131  9:21  Marine  
  132  9:26  Marine  
  132  9:30  Marine x4  
  137  9:36  Marine x3  
  139  9:38  Planetary Fortress, SCV x3  
  139  9:39  Marine  
  139  9:44  Marine  
  144  9:47  Marine  
  144  9:48  Marine x3  
  144  9:52  Siege Tank  
  151  9:53  Marine  
  151  9:54  Marine x2  
  151  9:57  Marine  
  155  10:02  Marine  
  155  10:05  Marine x3  
  155  10:06  Marine  
  160  10:11  Marine x2  
  160  10:12  Marine  
  161  10:15  Marine  
  161  10:20  Marine  
  128  10:23  Marine x3  
  128  10:24  Marine, Siege Tank, Viking x2  
  139  10:29  Marine x3  
  139  10:33  Marine  
  143  10:37  Marine  
  143  10:41  Terran Infantry Weapons Level 3, Marine x3  
  142  10:47  Marine x3  
  143  10:50  Marine  
  143  10:51  Factory  
  143  10:54  Barracks Reactor  
  143  10:55  Marine  
  143  10:56  Siege Tank  
  145  10:59  Medivac x2, Marine x3  
  152  11:05  Marine x3  
  154  11:17  Marine x2  
  154  11:18  Supply Depot, Marine x2  
  149  11:26  Marine x2  
  149  11:27  Terran Infantry Armor Level 3, Marine x2  
  149  11:28  Siege Tank  
  149  11:30  Medivac  
  149  11:33  Medivac  
  149  11:35  Marine x2  
  149  11:36  Marine x2  
  144  11:44  Marine x6  
  150  11:47  Command Center  
  150  11:51  Siege Tank  
  150  11:53  Marine x2  
  155  11:54  Marine x2  
  155  12:00  Medivac  
  155  12:02  Siege Tank, Marine x3  
  155  12:03  Marine x3  
  156  12:08  Terran Vehicle Weapons Level 1  
  156  12:09  Medivac  
  156  12:10  Supply Depot  
  156  12:11  Supply Depot  
  156  12:12  Supply Depot  
  156  12:13  Marine  
  157  12:22  Sensor Tower  
  157  12:24  Marine  
  157  12:31  Medivac, Marine x4  
  157  12:32  Marine  
  157  12:33  Marine  
  157  12:34  Siege Tank  
  157  12:35  Marine x2  
  157  12:36  Marine  
  165  12:39  Medivac  
  165  12:42  Marine  
  168  12:47  Siege Tank  
  168  12:49  Marine x4  
  168  12:50  Marine  
  176  12:57  Marine  
  176  12:58  Marine x3  
  180  13:00  Marine  
  181  13:07  Marine x4  
  181  13:08  Marine  
  186  13:13  Sensor Tower  
  186  13:15  Siege Tank, Marine x2  
  186  13:16  Marine x2  
  186  13:17  Marine  
  193  13:25  Marine x4  
  193  13:26  Marine  
  181  13:52  Marine x2  
  181  13:53  Marine  
  181  14:02  Supply Depot x2  
  181  14:05  Marine x2  
  181  14:06  Marine x2  
  181  14:08  Supply Depot  
  181  14:09  Marine  
  181  14:10  Marine x2  
  181  14:11  Marine x2  
  181  14:12  Siege Tank, Marine  
  179  14:21  Siege Tank  
  179  14:22  Medivac  
  179  14:23  Medivac, Marine x2  
  185  14:24  Marine x2  
  185  14:27  Marine  
  185  14:28  Marine x2  
  185  14:29  Marine x3  
  168  14:41  Marine x2  
  168  14:42  Marine x2  
  168  14:44  Siege Tank  
  168  14:45  Marine  
  175  14:46  Marine  
  175  14:52  Medivac, Marine  
  173  14:53  Marine x3  
  177  15:02  Medivac  
  177  15:04  Orbital Command  
  177  15:18  Marine x2  
  177  15:19  Marine  
  177  15:20  Marine  
  161  15:24  Marine  
  161  15:25  Marine  
  161  15:29  Siege Tank  
  161  15:33  Marine  
  161  15:34  Marine  
  166  15:42  Sensor Tower  
  156  15:56  Marine x4  
  158  16:02  Marine x2  
  158  16:03  Marine  
  157  16:05  Marine  
  157  16:09  Siege Tank  
  157  16:10  Marine x2  
  154  16:12  Siege Tank  
  154  16:14  Marine x4  
  154  16:18  Medivac x2  
  162  16:20  Marine x3  
  162  16:23  Marine  
  166  16:28  Marine x2  
  166  16:32  Marine  
  167  16:42  Siege Tank  
  167  16:44  Siege Tank  
  167  16:46  Marine x3  
  173  16:48  Viking x2  
  173  16:50  Marine x2  
  179  16:58  Marine x2  
  179  17:01  Marine x2  
  179  17:17  Marine  
  179  17:18  Medivac x2, Marine x4  
  188  17:28  Marine  
  179  17:32  Siege Tank  
  179  17:33  Marine  
  179  17:34  Marine x3  
  179  17:35  Marine  
  179  17:36  Marine  
  188  17:39  Marine  
  188  17:40  Marine  
  188  17:41  Marine  
  180  17:46  Marine  
Tags
 
Add a new tag
Caveats
  • Supply blocks, unpowered buildings, or Contaminate may cause inaccurate times.
  • Supply counts are checked every 10 seconds.